 Dungeon Crawl Stone Soup version 0.29.0-4-gdea44cf6ec (webtiles) character file.

Game seed: 10266624994633459485

53 qw the Chopper (level 3, -2/29 HPs)
             Began as a Barachi Chaos Knight on Sept 4, 2022.
             Slain by a troll (shapeshifter) (8 damage)
             ... on level 2 of the Dungeon.
             The game lasted 00:00:30 (1501 turns).

qw the Chopper (Barachi Chaos Knight)               Turns: 1501, Time: 00:00:30

Health: -2/29      AC:  6    Str: 15    XL:     3   Next: 89%
Magic:  3/3        EV: 11    Int: 12    God:
Gold:   102        SH:  0    Dex: 11    Spells: 2/2 levels left

rFire   . . .      SeeInvis .   Y - +2 hand axe (chaos)
rCold   . . .      Faith    .   (no shield)
rNeg    . . .      Spirit   .   b - +2 leather armour
rPois   .          Reflect  .   j - +0 helmet
rElec   .          Harm     .   (no cloak)
rCorr   .          Rampage  .   (no gloves)
Will    +....                   (no boots)
Stlth   +.........              (no amulet)
HPRegen 0.00/turn               f - ring of willpower
MPRegen 0.08/turn               (no ring)

@: inhibited regen, slow
A: amphibious, slowness 1, strong legs 1, +LOS, inhibited regeneration
a: Hop


You were on level 2 of the Dungeon.
You visited 1 branch of the dungeon, and saw 2 of its levels.

You collected 102 gold pieces.


Innate Abilities, Weirdness & Mutations

You are amphibious.
You cover ground slowly.
You can hop short distances.
You have an extended range of vision and can be seen from far away.
You do not regenerate when monsters are visible.


   Skills:
 - Level 3.6 Fighting
 + Level 5.1 Axes
 - Level 2.4 Armour
 - Level 1.1 Dodging


You had 2 spell levels left.
You didn't know any spells.
Your spell library was empty.

Inventory:

Hand Weapons
 m - a +0 whip
 Y - a +2 hand axe of chaos (weapon)
Armour
 b - a +2 leather armour (worn)
 j - a +0 helmet (worn)
Jewellery
 f - a ring of willpower (left hand)
 o - a ring of ice
Potions
 a - a potion of curing {unknown}
 h - a potion of brilliance {unknown}
Miscellaneous
 c - a piece from Xom's chessboard (15/15)

Dungeon Overview and Level Annotations

Branches:
Dungeon (2/15)

Altars:


Message History

HP restored.
An endoplasm comes into view.
Found a whip.
The endoplasm quivers. "Hum-dee-hum-dee-hum..."
The endoplasm changes into a shapeshifter!
You closely miss the shapeshifter.
The shapeshifter changes into a blink frog!
You closely miss the blink frog. The blink frog closely misses you.
You hit the blink frog.
The blink frog is moderately wounded.
The blink frog hits you.
You hit the blink frog. You burn the blink frog.
The blink frog is heavily wounded.
The blink frog hits you.
The blink frog hits you but does no damage.
You hit the blink frog.
The blink frog is poisoned.
The blink frog is heavily wounded.
The blink frog barely misses you.
You closely miss the blink frog.
The blink frog is severely wounded.
The blink frog changes into a troll!
You hit the troll. You freeze the troll.
The troll is moderately wounded.
You closely miss the troll.
The troll is moderately wounded.
The troll barely misses you. The troll claws you. The troll barely misses you.
You hit the troll. You freeze the troll.
The troll is moderately wounded.
The troll bites you but does no damage. The troll barely misses you.
The troll claws you.
You slash the troll!
The troll resists with some effort.
The troll is heavily wounded.
The troll bites you.
The troll claws you but does no damage. x2
The troll barely misses you. x2; The troll claws you!
You closely miss the troll.
The troll is heavily wounded.
The troll bites you!
You die...

######+#####
...........######
#.@.......#
#T#..####.#
#.#..# #.#..#
#.#..# ### #.#.##
..# #.#.# #.#
#.#.# ... )...#


You could see a troll shaped shifter.

Vanquished Creatures
  Natasha (D:2)
  An adder (D:2)
  A dart slug (D:1)
  2 bats (D:1)
  2 endoplasms (D:1)
  2 goblins (D:2)
  2 hobgoblins (D:1)
  A quokka (D:2)
  3 ball pythons
  A frilled lizard (D:1)
  2 rats
18 creatures vanquished.

Vanquished Creatures (others)
  A rat zombie (D:2)
1 creature vanquished.

Grand Total: 19 creatures vanquished

Notes
Turn   | Place    | Note
-------+----------+-------------------------------------------
     0 | D:1      | qw the Barachi Chaos Knight began the quest for the Orb.
     0 | D:1      | Reached XP level 1. HP: 18/18 MP: 1/1
     0 | D:1      | 0 ||| qw: Version: 0.1-a-103-gd6f5d3a
     0 | D:1      | 0 ||| qw: Game counter: 5732
     0 | D:1      | 0 ||| qw: Always use a shield: true
     0 | D:1      | 0 ||| qw: God list: Okawaru
     0 | D:1      | 0 ||| qw: Allow faded altars: false
     0 | D:1      | 0 ||| qw: Do Orc after D:15 true
     0 | D:1      | 0 ||| qw: Do second Lair branch before Depths: true
     0 | D:1      | 0 ||| qw: Lair rune preference: random
     0 | D:1      | 0 ||| qw: Plans: Normal
     0 | D:1      | 0 ||| PLANNING D:1-11
     0 | D:1      | Fell from the grace of Xom
   115 | D:1      | Found a faded altar of an unknown god.
   165 | D:1      | 165 ||| Stepping ~*~*~tactically~*~*~ (stealth).
   166 | D:1      | 166 ||| Stepping ~*~*~tactically~*~*~ (stealth).
   168 | D:1      | 168 ||| Stepping ~*~*~tactically~*~*~ (stealth).
   169 | D:1      | 169 ||| Stepping ~*~*~tactically~*~*~ (stealth).
   337 | D:1      | XOM: draining
   400 | D:1      | 400 ||| Stepping ~*~*~tactically~*~*~ (hiding).
   405 | D:1      | Reached XP level 2. HP: 16/21 MP: 2/2
   437 | D:1      | XOM: scenery: summon butterflies
   620 | D:1      | Reached skill level 4 in Axes
   715 | D:1      | XOM: god gift: robe {god gift}
   738 | D:1      | XOM: give mutation
   738 | D:1      | Gained mutation: You do not regenerate when monsters are
                  | visible. [Xom's mischief]
  1075 | D:1      | 1075 ||| UPGRADING to +0 helmet.
  1080 | D:1      | 1080 ||| UPGRADING to ring of willpower.
  1081 | D:1      | 1081 ||| READING scroll labelled ETZILO FUETUF.
  1085 | D:1      | 1085 ||| READING scroll labelled VUROVU LUIWOCYPA.
  1086 | D:1      | 1086 ||| READING scroll labelled ONERYB EFRA.
  1087 | D:1      | 1087 ||| READING 2 scrolls labelled UQOYTE BAIRAIR.
  1088 | D:1      | 1088 ||| READING scroll of enchant weapon.
  1088 | D:1      | 1088 ||| ENCHANTING +1 hand axe of chaos.
  1089 | D:1      | 1089 ||| READING scroll labelled BUIMASH WIODIN.
  1090 | D:1      | 1090 ||| READING scroll labelled UREHIAPNEM.
  1191 | D:1      | 1191 ||| READING scroll labelled BITORE LILETA.
  1261 | D:2      | Noticed Natasha
  1262 | D:2      | 1262 ||| Stepping ~*~*~tactically~*~*~ (hiding).
  1272 | D:2      | Killed Natasha
  1273 | D:2      | Reached XP level 3. HP: 25/29 MP: 3/3
  1363 | D:2      | 1363 ||| Stepping ~*~*~tactically~*~*~ (stealth).
  1371 | D:2      | Reached skill level 5 in Axes
  1389 | D:2      | 1389 ||| Stepping ~*~*~tactically~*~*~ (stealth).
  1390 | D:2      | 1390 ||| Stepping ~*~*~tactically~*~*~ (stealth).
  1477 | D:2      | XOM: 2-stop teleportation journey
  1490 | D:2      | Noticed a shapeshifter
  1490 | D:2      | an endoplasm changed into a shapeshifter
  1490 | D:2      | XOM: polymorph endoplasm -> shapeshifter
  1491 | D:2      | Noticed a blink frog
  1491 | D:2      | a shapeshifter changed into a blink frog
  1496 | D:2      | Noticed a troll
  1496 | D:2      | a blink frog changed into a troll
  1500 | D:2      | HP: 6/29 [troll (shapeshifter) (8)]
  1501 | D:2      | Slain by a troll (shapeshifter)

Levels and vault maps discovered:
D:1:      shiori_arrival_elements, layout_basic,
          hellmonk_ecumenical_altar_lost_god, palyth_stone_intersect
D:2:      layout_loops_ring, kennysheep_generic_room_11, uniq_robin,
          uniq_natasha

Skill      XL: |  1  2  3 |
---------------+----------+-----
Axes           | 4 5 |  5.1
Fighting       | |  3.6
Armour         | |  2.4
Dodging        | |  1.1

Action                   || total
-------------------------++-------
Melee: Hand axe          ||    57
Invok: Renounce Religion ||     1
  Use: Scroll            ||     8
Armor: Leather armour    ||    12
Dodge: Dodged            ||    28

Table legend:
 A = Non-vault XP
 B = Vault XP
 C = Vault XP percentage of total XP
 D = Non-vault monster count
 E = Vault monster count
 F = Vault count percentage of total count
                 A         B        C        D         E       F
            +---------+---------+-------+---------+---------+-------
      Total |      42 |      35 |  45.5 |      17 |       1 |   5.6
            +---------+---------+-------+---------+---------+-------
        D:1 |      19 |       0 |   0.0 |      10 |       0 |   0.0
        D:2 |      23 |      35 |  60.3 |       7 |       1 |  12.5
            +---------+---------+-------+---------+---------+-------
